AoeStats
← MostImmortal

Arabian Desert

509886070Analyzed
1v1 RM · 2d ago on Sep 28, 2026· 26m 47s· 2 players
Game mode
Random Map
Map size
Tiny (2 player)
Population
200
Speed
Normal
Resources
Standard
Victory
Conquest
Starting age
Dark Age
Ending age
Imperial Age
RankedLock teamsTeams togetherTeam positionsShared explorationLock speedFull tech treeHidden civsTurbo modeCheats
Victory
Defeat
🇨🇭 Varangians · Switzerland
1206
+17
🇦🇷 Magyars · Argentina
1221
-17
MostImmortal
7:01 Loom
9:19 Feudal Age
15:37 Forging
16:40 Scale Barding Armor
16:51 Bloodlines
19:09 Double-Bit Axe
19:09 Horse Collar
24:15 Castle Age
22:57 Gold Mining
24:20 Pikeman
24:54 Stone Mining
25:17 Bow Saw
[VEP] Assinator
2:15 Loom
9:39 Feudal Age
10:16 Double-Bit Axe
20:16 Castle Age
21:27 Husbandry
23:32 Bloodlines
Connection lost

Rejoining the realm…

Still unreachable

The connection could not be restored.

Session expired

The server has moved on; the page needs a fresh start.